 Dungeon Sprint DCSS version 0.20-a0-540-ge6d1839 (webtiles) character file.

2607 Leonis the Grappler (level 9, 0/102 HPs)
             Began as a Troll Berserker on Jan 30, 2017.
             Was an Elder of Trog.
             Slain by a nine-headed hydra (13 damage)
             ... in the Dungeon (Sprint IX: "|||||||||||||||||||||||||||||").
             The game lasted 00:05:57 (358 turns).

Leonis the Grappler (Troll Berserker)                Turns: 358, Time: 00:05:59

Health: 0/102      AC:  8    Str: 30    XL:     9   Next: 33%
Magic:  8/8        EV: 14    Int:  3    God:    Trog [****..]
Gold:   0          SH:  0    Dex: 12    Spells: 8/8 levels left

rFire    . . .     SeeInvis .     - Unarmed
rCold    . . .     Gourm    +   a - +0 animal skin
rNeg     . . .     Faith    .   (no shield)
rPois    .         Spirit   .   (helmet restricted)
rElec    .         Reflect  .   m - +0 cloak
rCorr    .         Harm     .   (gloves unavailable)
MR       .....     NoTele   +   (boots unavailable)
Stlth    ++........             (no amulet)
Regen    0.7/turn               o - +3 ring of dexterity
                                n - +2 ring of protection

@: no status effects
A: unfitting armour, claws 3, fast metabolism 3, gourmand, regeneration 1,
shaggy fur 1, tough skin 2
a: Berserk, Trog's Hand, Brothers in Arms, Burn Spellbooks, Renounce Religion


You were in the Dungeon.
You worshipped Trog.
Trog was greatly pleased with you.
You were very full.

You visited 1 branch

Inventory:

Hand Weapons
 i - a +3 executioner's axe of venom
Missiles
 v - 4 curare-tipped needles
Armour
 a - a +0 animal skin (worn)
 m - a +0 cloak (worn)
Jewellery
 n - a +2 ring of protection (left claw)
 o - a +3 ring of dexterity (right claw)
Wands
 l - a wand of acid (7/15)
Scrolls
 h - 4 scrolls of blinking
 k - 3 scrolls of remove curse
 t - a scroll of recharging
 u - 2 scrolls of identify
Potions
 c - 5 potions of curing
 d - 5 potions of heal wounds
 e - a potion of haste
 f - 4 potions of magic
 g - a potion of berserk rage
 j - a potion of invisibility
 q - a potion of agility
 r - a potion of brilliance
 s - a potion of resistance
Comestibles
 b - 2 bread rations
 p - 24 chunks of flesh


   Skills:
 * Level 10.5 Fighting
 + Level 9.2 Dodging
 + Level 1.6 Stealth
 + Level 14.0 Unarmed Combat


You had 8 spell levels left.
You didn't know any spells.

Dungeon Overview and Level Annotations

Branches:
Dungeon (1/1)

Altars:
Cheibriados
Dithmenos
Elyvilon
Fedhas
Gozag
Hepliaklqana
Kikubaaqudgha
Makhleb
Nemelex Xobeh
Okawaru
Qazlal
Ru
Sif Muna
Trog
Uskayaw
Vehumet
Xom
Yredelemnul
Zin
The Shining One
Beogh
Jiyva
Lugonu


Innate Abilities, Weirdness & Mutations

You are too large for most types of armour.
You have claws for hands.
Your metabolism is lightning-fast.
You like to eat raw meat.
Your natural rate of healing is unusually fast.
You are covered in fur. (AC +1)
You have very tough skin. (AC +2)


Message History

You feel quite a bit less full. Trog will no longer gift you weapons.
You tear one of the seven-headed hydra's heads off!
The six-headed hydra grows two more!
You claw the eight-headed hydra!
The eight-headed hydra is almost dead.
The blink frog blinks!
You rip one of the eight-headed hydra's heads off!
The seven-headed hydra grows two more!
You claw the nine-headed hydra!
The nine-headed hydra is almost dead.
The nine-headed hydra bites you!
* * * LOW HITPOINT WARNING * * *
The nine-headed hydra closely misses you.
The nine-headed hydra bites you.
* * * LOW HITPOINT WARNING * * *
The nine-headed hydra closely misses you.
The nine-headed hydra bites you!
* * * LOW HITPOINT WARNING * * *
The nine-headed hydra barely misses you.
The nine-headed hydra bites you!
You die...

▓▓▓▓▓▓▓▓▓▓▓▓▓▓▓▓▓▓▓▓▓▓▓▓▓▓▓▓▓▓▓▓▓
...'_______________________.'.?|)
▓▓▓▓▓▓▓▓▓▓▓▓▓▓▓▓▓▓▓▓▓▓▓▓▓▓▓▓▓▓▓▓▓
.................................
▓▓▓▓▓▓▓▓▓▓▓▓▓▓▓▓▓▓▓▓▓▓▓▓▓▓▓▓▓▓▓▓▓
(([....)÷......O@DDFF.HHS
▓▓▓▓▓▓▓▓▓▓▓▓▓▓▓▓▓▓▓▓▓▓▓▓▓


You could see a nine-headed hydra, a six-headed hydra, 2 hippogriffs, a spiny
frog, a blink frog and a friendly ogre (berserk).

Vanquished Creatures
  A deep elf mage (D)
  A spiny frog (D)
  A blink frog (D)
  2 hippogriffs (D)
  A yak (D)
  A wraith (D)
  A basilisk (D)
  An orc warrior (D)
  2 phantoms (D)
  An ogre (D)
  A crocodile (D)
  A bullfrog (D)
  2 crimson imps (D)
  2 hounds (D)
  A worker ant (D)
  An orc (D)
  2 giant cockroaches (D)
  2 jackals (D)
  A bat (D)
  A rat (D)
26 creatures vanquished.

Vanquished Creatures (collateral kills)
  A komodo dragon (D)
  A water moccasin (D)
  A crocodile (D)
  2 bullfrogs (D)
5 creatures vanquished.

Grand Total: 31 creatures vanquished

Notes
Turn   | Place    | Note
-------+----------+-------------------------------------------
     0 | D        | Leonis the Troll Berserker began the quest for the Orb.
     0 | D        | Reached XP level 1. HP: 22/22 MP: 0/0
    12 | D        | Reached ** piety under Trog
    25 | D        | Noticed a hound
    25 | D        | Noticed a worker ant
    25 | D        | Noticed a crimson imp
    25 | D        | Noticed a phantom
    37 | D        | Killed a hound
    37 | D        | Reached skill level 5 in Unarmed Combat
    37 | D        | Reached XP level 2. HP: 26/31 MP: 1/1
    37 | D        | Reached XP level 3. HP: 31/37 MP: 2/2
    49 | D        | Reached *** piety under Trog
    51 | D        | Reached XP level 4. HP: 33/48 MP: 3/3
    54 | D        | Reached skill level 6 in Unarmed Combat
    57 | D        | Killed a phantom
    57 | D        | Reached skill level 5 in Dodging
    57 | D        | Reached skill level 7 in Unarmed Combat
    57 | D        | Reached XP level 5. HP: 40/59 MP: 4/4
    67 | D        | Found a roughly hewn altar of Beogh.
    67 | D        | Found a snail-covered altar of Cheibriados.
    67 | D        | Found a shadowy altar of Dithmenos.
    67 | D        | Found a white marble altar of Elyvilon.
    67 | D        | Found a blossoming altar of Fedhas.
    67 | D        | Found an opulent altar of Gozag.
    68 | D        | Found a hazy altar of Hepliaklqana.
    69 | D        | Found a viscous altar of Jiyva.
    70 | D        | Found an ancient bone altar of Kikubaaqudgha.
    71 | D        | Found a corrupted altar of Lugonu.
    72 | D        | Found a burning altar of Makhleb.
    73 | D        | Found a sparkling altar of Nemelex Xobeh.
    74 | D        | Found an iron altar of Okawaru.
    75 | D        | Found a stormy altar of Qazlal.
    76 | D        | Found a sacrificial altar of Ru.
    77 | D        | Found a deep blue altar of Sif Muna.
    78 | D        | Found a bloodstained altar of Trog.
    79 | D        | Found a hide-covered altar of Uskayaw.
    80 | D        | Found a radiant altar of Vehumet.
    81 | D        | Found a shimmering altar of Xom.
    82 | D        | Found a basalt altar of Yredelemnul.
    83 | D        | Found a glowing silver altar of Zin.
    84 | D        | Found a glowing golden altar of the Shining One.
   122 | D        | Noticed an ogre
   122 | D        | Noticed a yak
   122 | D        | Noticed a hippogriff
   122 | D        | Noticed a crocodile
   129 | D        | Killed an ogre
   129 | D        | Reached **** piety under Trog
   129 | D        | Reached skill level 8 in Unarmed Combat
   129 | D        | Reached XP level 6. HP: 68/68 MP: 5/5
   138 | D        | Killed a yak
   138 | D        | Reached skill level 9 in Unarmed Combat
   141 | D        | Killed a hippogriff
   141 | D        | Reached ***** piety under Trog
   141 | D        | Reached skill level 1 in Stealth
   141 | D        | Reached skill level 10 in Unarmed Combat
   141 | D        | Reached XP level 7. HP: 55/81 MP: 6/6
   147 | D        | Received a gift from Trog
   163 | D        | Noticed a wraith
   163 | D        | Noticed a deep elf mage
   172 | D        | Killed a wraith
   172 | D        | Reached skill level 11 in Unarmed Combat
   178 | D        | Killed a deep elf mage
   178 | D        | Reached XP level 8. HP: 86/93 MP: 7/7
   181 | D        | Reached skill level 12 in Unarmed Combat
   303 | D        | Noticed a hippogriff
   303 | D        | Noticed a spiny frog
   303 | D        | Noticed a komodo dragon
   307 | D        | Received a gift from Trog
   307 | D        | Reached skill level 10 in Fighting
   311 | D        | Killed a hippogriff
   311 | D        | Received a gift from Trog
   314 | D        | Noticed a blink frog
   319 | D        | Killed a spiny frog
   319 | D        | Reached skill level 13 in Unarmed Combat
   319 | D        | Reached XP level 9. HP: 37/102 MP: 8/8
   328 | D        | Killed a komodo dragon
   337 | D        | Reached skill level 14 in Unarmed Combat
   353 | D        | Noticed a seven-headed hydra
   353 | D        | Noticed a spiny frog
   353 | D        | Noticed a six-headed hydra
   354 | D        | Noticed a black mamba
   358 | D        | Slain by a nine-headed hydra

Vault maps used:
D:        linesprint

Skill      XL: |  1  2  3  4  5  6  7  8  9 |
---------------+----------------------------+-----
Fighting       | 3 4 6 8 9 10 | 10.5
Dodging        | 3 4 5 7 8 9 |  9.2
Unarmed Combat | 5 7 8 10 11 13 14 | 14.0
Stealth        | 1 |  1.6

Action                   |  1- 3 |  4- 6 |  7- 9 || total
-------------------------+-------+-------+-------++-------
Melee: Unarmed           |    36 |    23 |    56 ||   115
       Punch             |     1 |     4 |     4 ||     9
Invok: Brothers in Arms  |       |       |     3 ||     3
  Use: Potion            |       |       |     1 ||     1
  Eat: Chunk             |       |     6 |     2 ||     8
Armor: Animal skin       |    20 |     5 |     9 ||    34
Dodge: Dodged            |    14 |    10 |    27 ||    51
